Map: Vallée des cactus EC

Players

trives - Winner!

  • Race: Zerg Zerg

AgCl

  • Race: Protoss Protoss

VOD

Have the link to the VOD?

Description

Time

  • Played on: May 10, 2015, 7:35 p.m.
  • Length: 8:36
Show
View Real Time Build Order
Export as new Build Order

trives Zerg - Winner!

Build Orders: Hatch First 

Get SALT Encoding   

  12  0:02  Drone  
  13  0:09  Drone  
  14  0:21  Overlord  
  14  0:40  Drone x3  
  17  0:51  Drone  
  18  1:01  Drone  
  19  1:06  Hatchery  
  18  1:13  Drone  
  19  1:24  Spawning Pool  
  19  1:25  Drone  
  19  1:34  Overlord  
  19  1:53  Drone  
  20  2:00  Drone  
  21  2:14  Drone  
  22  2:17  Hatchery  
  22  2:18  Drone  
  22  2:20  Queen  
  22  2:21  Queen  
  26  2:25  Zergling x2  
  27  2:31  Drone  
  27  2:32  Drone  
  29  2:42  Drone  
  30  2:47  Extractor  
  30  2:49  Extractor  
  27  3:17  Drone  
  27  3:18  Drone x5  
  33  3:20  Queen  
  35  3:28  Queen  
  35  3:32  Spine Crawler  
  36  3:37  Drone  
  36  3:38  Metabolic Boost  
  37  3:42  Drone x3  
  37  3:43  Drone  
  37  3:44  Overlord  
  41  3:53  Overlord  
  41  4:07  Drone  
  41  4:08  Drone  
  41  4:09  Lair  
  43  4:13  Spine Crawler  
  42  4:18  Drone  
  42  4:19  Drone x7  
  50  4:25  Spine Crawler  
  50  4:27  Spine Crawler  
  48  4:38  Roach Warren  
  39  5:22  Zergling x18  
  39  5:23  Zergling x18  
  57  5:40  Hydralisk Den  
  57  5:41  Queen  
  56  5:43  Queen  
  55  5:55  Drone x3  
  58  6:17  Overlord x3  
  58  6:19  Extractor  
  58  6:20  Extractor  
  56  6:36  Queen  
  55  6:42  Spore Crawler  
  55  6:43  Spore Crawler  
  51  7:02  Hydralisk x11, Muscular Augments  
  51  7:04  Roach x3  
  79  7:26  Ravager  
  79  7:28  Ravager  
  81  7:48  Overlord x4  
  81  7:57  Drone  
  82  7:58  Overlord  
  82  7:59  Overlord  
Show
View Real Time Build Order
Export as new Build Order

AgCl Protoss 

Build Orders: 1 Gate Expand 

Get SALT Encoding   

  12  0:05  Probe  
  13  0:27  Probe, Pylon  
  14  0:45  Probe  
  15  0:54  Gateway  
  15  0:57  Probe  
  16  1:09  Probe  
  17  1:21  Probe  
  18  1:26  Nexus  
  18  1:31  Assimilator  
  18  1:33  Probe  
  19  1:45  Probe  
  20  1:49  Zealot  
  20  1:53  Cybernetics Core  
  22  2:01  Assimilator  
  22  2:04  Pylon  
  22  2:12  Pylon  
  22  2:16  Pylon  
  23  2:23  Probe (Chrono Boost)  
  23  2:31  Probe (Chrono Boost)  
  23  2:32  Warp Gate (Chrono Boost)  
  24  2:40  Probe (Chrono Boost)  
  24  2:41  Probe (Chrono Boost)  
  26  2:53  Probe (Chrono Boost)  
  26  2:58  Probe (Chrono Boost)  
  27  3:01  Probe (Chrono Boost)  
  29  3:05  Probe (Chrono Boost)  
  29  3:06  Stargate  
  29  3:08  Pylon  
  29  3:11  Probe (Chrono Boost)  
  28  3:17  Probe (Chrono Boost)  
  29  3:22  Probe (Chrono Boost)  
  29  3:23  Pylon  
  29  3:26  Probe (Chrono Boost)  
  31  3:30  Probe (Chrono Boost)  
  34  3:35  Mothership Core (Chrono Boost)  
  34  3:39  Probe (Chrono Boost)  
  35  3:46  Probe  
  36  3:52  Gateway  
  36  3:54  Gateway  
  36  3:58  Gateway  
  36  4:04  Pylon  
  36  4:06  Oracle (Chrono Boost)  
  40  4:10  Probe x2 (Chrono Boost)  
  41  4:22  Probe x2 (Chrono Boost)  
  43  4:29  Probe (Chrono Boost)  
  43  4:30  Probe (Chrono Boost)  
  45  4:38  Probe  
  46  4:40  Probe  
  47  4:49  Assimilator  
  47  4:50  Probe  
  47  4:52  Probe  
  49  4:55  Gateway  
  49  4:57  Gateway  
  49  5:02  Probe  
  49  5:04  Probe  
  51  5:08  Zealot x4  
  55  5:29  Zealot x4  
  55  5:31  Probe  
  55  5:34  Void Ray (Chrono Boost)  
  55  5:35  Probe  
  55  5:55  Fleet Beacon  
  54  5:57  Stargate  
  54  5:58  Twilight Council  
  54  5:59  Probe (Chrono Boost), Pylon  
  56  6:04  Probe (Chrono Boost)  
  56  6:06  Assimilator  
  56  6:08  Protoss Air Weapons Level 1 (Chrono Boost)  
  56  6:09  Probe (Chrono Boost)  
  58  6:13  Probe (Chrono Boost)  
  58  6:16  Mothership Core  
  60  6:23  Probe  
  61  6:35  Probe  
  61  6:37  Probe  
  61  6:38  Sentry  
  61  6:39  Adept x3  
  71  6:40  Adept  
  74  6:54  Probe  
  74  7:01  Pylon  
  74  7:05  Carrier (Chrono Boost)  
  74  7:06  Pylon  
  74  7:12  Forge  
  74  7:15  Pylon, Carrier (Chrono Boost)  
  74  7:19  Gateway  
  74  7:21  Pylon  
  86  7:39  Pylon  
  86  7:41  Probe  
  86  7:42  Pylon  
  86  7:45  Forge  
  86  7:49  Probe  
  87  7:53  Photon Cannon  
  87  8:00  Pylon  
  87  8:12  Pylon  
  87  8:13  Assimilator x2  
  87  8:15  Nexus x2  
  87  8:16  Pylon  
  93  8:22  Zealot x3  
  93  8:23  Zealot  
  101  8:31  Photon Cannon  
Tags
 
Add a new tag
Caveats
  • Supply blocks, unpowered buildings, or Contaminate may cause inaccurate times.
  • Supply counts are checked every 10 seconds.